AoeStats
← VaimX

Arena

509663606Analyzed
3v3 RM · 6d ago on Sep 27, 2026· 36m 55s· 6 players
Game mode
Random Map
Map size
Normal (6 player)
Population
200
Speed
Normal
Resources
Standard
Victory
Conquest
Starting age
Dark Age
Ending age
Imperial Age
RankedLock teamsTeams togetherTeam positionsShared explorationLock speedFull tech treeHidden civsTurbo modeCheats
Victory
Defeat
🇪🇨 Britons · Ecuador
933
+15
🇺🇦 Bohemians · Ukraine
907
+17
🇺🇸 Celts · United States
895
+17
🇭🇰 Persians · Hong Kong SAR China
928
-17
🇨🇳 Franks · China
916
-16
🇨🇳 Lithuanians · China
915
-16
dp310387ksm
0:42 Loom
10:44 Feudal Age
11:23 Double-Bit Axe
11:21 Horse Collar
19:46 Castle Age
19:23 Town Watch
19:48 Fletching
19:59 Padded Archer Armor
20:01 Scale Mail Armor
20:11 Forging
20:55 Wheelbarrow
20:57 Bow Saw
21:18 Heavy Plow
21:09 Pikeman
21:50 Squires
23:27 Iron Casting
23:19 Arson
25:50 Bodkin Arrow
26:59 Fervor
27:48 Sanctity
27:22 Elite Skirmisher
33:28 Imperial Age
33:21 Town Patrol
33:37 Hand Cart
34:44 Chemistry
34:32 Conscription
34:16 Bracer
34:53 Ballistics
34:29 Murder Holes
35:17 Wagenburg Tactics
36:24 Leather Archer Armor
36:23 Masonry
wolverine
11:58 Feudal Age
15:59 Castle Age
15:56 Double-Bit Axe
29:33 Wheelbarrow
30:13 Bow Saw
35:01 Horse Collar
39:57 Imperial Age
VaimX
9:03 Feudal Age
9:33 Double-Bit Axe
16:28 Castle Age
14:59 Horse Collar
23:17 Gold Mining
24:05 Bow Saw
26:27 Heavy Plow
27:58 Gold Shaft Mining
33:09 Imperial Age
35:43 Wheelbarrow
35:45 Masonry
36:35 Chemistry
36:40 Forging
36:37 Scale Barding Armor
37:23 Stone Mining
Ming
0:28 Loom
10:12 Feudal Age
17:20 Castle Age
15:42 Stone Mining
15:54 Double-Bit Axe
28:02 Imperial Age
25:28 Horse Collar
26:00 Gold Mining
27:06 Forging
28:40 Heavy Plow
29:44 Conscription
29:49 Forging
30:47 Wheelbarrow
30:42 Scale Barding Armor
31:52 Iron Casting
33:07 Stone Shaft Mining
33:52 Elite Leitis
35:03 Hand Cart
35:02 Bow Saw
37:05 Chain Barding Armor
36:36 Fletching
彬彬有礼
0:34 Loom
12:24 Feudal Age
16:49 Castle Age
14:58 Double-Bit Axe
16:49 Wheelbarrow
18:10 Bow Saw
旺旺
10:49 Feudal Age
11:14 Double-Bit Axe
13:05 Arson
17:01 Scale Mail Armor
19:57 Castle Age
21:08 Squires
25:11 Gold Mining
25:39 Stone Mining
25:14 Pikeman
30:36 Imperial Age
28:44 Bow Saw
29:42 Wheelbarrow
34:59 Halberdier
36:34 Chain Mail Armor
36:25 Scale Barding Armor
36:31 Forging
Connection lost

Rejoining the realm…

Still unreachable

The connection could not be restored.

Session expired

The server has moved on; the page needs a fresh start.